AoeStats
← Vanilla

Arabia

510540967Analyzed
1v1 RM · 6h ago on Oct 1, 2026· 23m 3s· 2 players
Game mode
Random Map
Map size
Tiny (2 player)
Population
200
Speed
Normal
Resources
Standard
Victory
Conquest
Starting age
Dark Age
Ending age
Imperial Age
RankedLock teamsTeams togetherTeam positionsShared explorationLock speedFull tech treeHidden civsTurbo modeCheats
Victory
Defeat
🇩🇪 Khmer · Germany
1101
+15
🇨🇳 Shu · China
1078
-15
Vanilla
9:53 Feudal Age
10:17 Loom
12:32 Double-Bit Axe
15:29 Castle Age
13:59 Horse Collar
16:23 Gold Mining
23:30 Wheelbarrow
arkero97
6:26 Loom
8:50 Feudal Age
9:17 Double-Bit Axe
10:20 Horse Collar
15:58 Wheelbarrow
18:33 Castle Age
17:28 Gold Mining
17:54 Bloodlines
22:04 Bow Saw
22:28 Forging
22:50 Scale Barding Armor
22:56 Heavy Plow
Connection lost

Rejoining the realm…

Still unreachable

The connection could not be restored.

Session expired

The server has moved on; the page needs a fresh start.